 Dungeon Crawl Stone Soup version 0.32-a0-391-gce5c0aab1b (webtiles) character file.

Game seed: 7870708481842744092

16907 Turgor the Nimble (level 12, -4/51 HPs)
             Began as a Spriggan Enchanter on Feb 8, 2024.
             Was an Elder of Sif Muna.
             Slain by a dream sheep (6 damage)
             ... led by a torpor snail
             ... on level 1 of the Lair of Beasts on Feb 19, 2024.
             The game lasted 01:42:15 (13482 turns).

Turgor the Nimble (Spriggan Enchanter)             Turns: 13482, Time: 01:42:16

Health: -4/51      AC:  7    Str: 10    XL:     12   Next: 14%
Magic:  22/22      EV: 26    Int: 22    God:    Sif Muna [****..]
Gold:   580        SH:  0    Dex: 18    Spells: 1/23 levels left

rFire   . . .        G - +2 dagger (speed)
rCold   + . .        (no shield)
rNeg    . . .        e - +2 robe of the Circus Animal {rC+ Int+3}
rPois   .            (helmet restricted)
rElec   .            E - +2 cloak
rCorr   .            (gloves unavailable)
SInv    +            (boots unavailable)
Will    ++...        P - amulet of the acrobat
Stlth   +++++        F - +6 ring of strength
HPRegen 0.28/turn    p - ring of flight
MPRegen 0.18/turn

%: acrobat
@: flying, slowed, quick
A: very small, no large weapons, unfitting armour, see invisible, speed 3
a: Renounce Religion, Channel Magic, Forget Spell, Divine Exegesis


You were on level 1 of the Lair of Beasts.
You worshipped Sif Muna.
Sif Muna was greatly pleased with you.
You visited 3 branches of the dungeon, and saw 14 of its levels.

You collected 880 gold pieces.
You spent 300 gold pieces at shops.

Inventory:

Hand Weapons
 b - a +0 dagger of venom
 i - a +2 trident of pain
 G - a +2 dagger of speed (weapon)
 L - a +3 sling of freezing
Missiles
 A - 4 curare-tipped darts (quivered)
 S - 4 poisoned darts
Armour
 e - the +2 robe of the Circus Animal (worn) {rC+ Int+3}
   (You acquired it on level 2 of the Dungeon)

   Int+3:     It affects your intelligence (+3).
   rC+:       It protects you from cold.
 E - a +2 cloak (worn)
Magical Staves
 l - a staff of alchemy
 N - a staff of death
 Q - a staff of earth
 R - the staff "Tesoweydo" {rPois rF+ Fire}
   (You found it on level 12 of the Dungeon)

   [staff of fire]

   Base accuracy: +5 Base damage: 5 Base attack delay: 1.2 This weapon's minimum
   attack delay (0.6) is reached at skill level 12.
   rF+:       It protects you from fire.
   rPois:     It protects you from poison Fire: It increases the power of your
   Fire spells.
   It falls into the 'Staves' category.
   It is a two-handed weapon.
Jewellery
 c - an amulet of guardian spirit
 m - a ring of fire
 p - a ring of flight (right hand)
 w - the ring of Otron {rC- rCorr Dex+5}
   (You found it on level 4 of the Dungeon)

   [ring of resist corrosion]

   Dex+5:     It affects your dexterity (+5).
   rC-:       It makes you vulnerable to cold.
   rCorr:     It protects you from acid and corrosion.
 F - a +6 ring of strength (left hand)
 P - an amulet of the acrobat (around neck)
Wands
 u - a wand of flame (14)
 C - a wand of iceblast (17)
 D - a wand of polymorph (19)
 M - a wand of acid (4)
Scrolls
 a - 2 scrolls of enchant weapon
 k - 7 scrolls of teleportation
 o - a scroll of acquirement
 q - 4 scrolls of fog
 y - 3 scrolls of amnesia
 z - a scroll of vulnerability
 B - 2 scrolls of revelation
 I - 2 scrolls of silence
 J - 2 scrolls of enchant armour
 O - 2 scrolls of fear
Potions
 d - 4 potions of attraction
 f - 6 potions of curing
 g - 4 potions of heal wounds
 h - a potion of invisibility
 j - 2 potions of brilliance
 n - a potion of lignification
 r - 2 potions of enlightenment
 s - 3 potions of ambrosia
 t - 2 potions of haste
 v - a potion of resistance
 x - 3 potions of might
 H - a potion of mutation
 K - a potion of cancellation


   Skills:
 - Level 10.0 Short Blades
 + Level 11.8 Dodging
 - Level 10.0 Stealth
 - Level 6.0 Spellcasting
 * Level 3.4 Conjurations
 - Level 9.0 Hexes
 * Level 5.6 Necromancy
 + Level 6.9 Earth Magic
 - Level 5.0 Invocations


You had one spell level left.
You knew the following spells:

 Your Spells              Type           Power      Damage    Failure   Level
a - Ensorcelled Hibernat  Hex/Ice        52%        N/A       2%          2
b - Confusing Touch       Hex            46%        N/A       1%          3
c - Tukima's Dance        Hex            46%        N/A       1%          3
d - Passwall              Erth           36%        N/A       1%          3
e - Borgnjor's Vile Clut  Necr/Erth      17%        N/A       19%         5
f - Dazzling Flash        Conj/Hex       68%        N/A       2%          3
g - Inner Flame           Hex/Fire       26%        N/A       4%          3

Your spell library contained the following spells:

 Spells                   Type           Power      Damage    Failure   Level
 Shock                    Conj/Air       56%        1d6       4%          1
 Sublimation of Blood     Necr           31%        N/A       1%          2
 Call Imp                 Summ           12%        N/A       14%         2
 Swiftness                Air            6%         N/A       26%         3
 Iskenderun's Battlesphe  Conj           21%        2d7       52%         5
 Airstrike                Air            3%         2d(1-17)  65%         4
 Ignite Poison            Fire/Alch      6%         N/A       65%         4
 Sticky Flame             Fire/Alch      6%         2d4       65%         4
 Irradiate                Conj/Alch      7%         3d14      77%         5
 Bombard                  Conj/Erth      14%        9d3       86%         6
 Spellforged Servitor     Conj/Summ      7%         N/A       100%        7
 Summon Hydra             Summ           3%         N/A       100%        7
 Ignition                 Fire           3%         3d4       100%        8


Dungeon Overview and Level Annotations

Branches:
Dungeon (12/15)            Temple (1/1) D:6            Lair (1/5) D:9
    Orc (0/2) D:12

Altars:
Ashenzari
Cheibriados
Dithmenos
Elyvilon
Fedhas
Gozag
Hepliaklqana
Kikubaaqudgha
Makhleb
Nemelex Xobeh
Okawaru
Qazlal
Ru
Sif Muna
Trog
Uskayaw
Vehumet
Wu Jian
Xom
Yredelemnul
Zin
The Shining One

Shops:
D:6 (   D:7 ?


Innate Abilities, Weirdness & Mutations

You are very small and have problems with some larger weapons.
You are too small for most types of armour.
You have supernaturally acute eyesight. (SInv)
You cover ground extremely quickly. (Speed+++)


Message History

You kill the bullfrog!
Sif Muna accepts your kill. The dream sheep barely misses you.
Casting: Ensorcelled Hibernation (safe; 2% risk of failure)
Confirm with . or Enter, or press ? or * to list all spells.
Your hands begin to glow red.
The dream sheep barely misses you.
You hit the dream sheep but do no damage.
You hit the dream sheep but do no damage.
The dream sheep appears confused.
You barely miss the dream sheep.
You see here a +0 robe.
You hit the dream sheep.
The dream sheep is lightly wounded.
There is an open door, spattered with blood here.
You catch the helpless dream sheep completely off-guard!
You skewer the dream sheep like a kebab!!!
You kill the dream sheep!
Sif Muna accepts your kill.
You start resting.
HP restored.
You start resting.
Magic restored.
There is a staircase to the Lair here.
Casting: Confusing Touch (safe; 1% risk of failure)
Confirm with . or Enter, or press ? or * to list all spells.
You don't know that spell.
Unknown command.
Unknown command.
Unknown command.
You fly downwards.
Welcome back to the Lair of Beasts!
The dream sheep shake their wool and sparkle.
You feel drowsy...
You fall asleep.
The torpor snail bites you but does no damage.
Being near the torpor snail leaves you feeling lethargic.
The dream sheep barely misses you. The torpor snail bites you!!!
You wake up.
Ouch! That really hurt!
* * * LOW HITPOINT WARNING * * *
The dream sheep completely misses you. The dream sheep headbutts you.
You die... wY..............

.....F...........
#................
#..............#
#............#
#..Y.....(.#
#....F.....#
#>.P#YwY....##
#...###.@......#
.... ##......##
... #......# ..
##....## . ##P##
##


You could see a torpor snail, 2 blink frogs and 3 dream sheep.

Vanquished Creatures
  2 boulder beetles (D:12)
  2 two-headed ogres
  A cyclops (D:10)
  2 manticores (D:11)
  2 elephants (D:9)
  Joseph (D:9)
  An unseen horror (D:12)
  2 gargoyles (D:10)
  4 trolls
  A hornet (D:10)
  A dream sheep (D:9)
  A shadow (D:11)
  4 vampires
  Sigmund (D:2)
  4 wraiths
  2 wyverns
  4 slime creatures (D:12)
  6 yaks (D:10)
  A basilisk (Lair:1)
  Eustachio (D:5)
  A steam dragon (D:10)
  A warg (D:12)
  A vampire mosquito (D:9)
  2 acid dragons
  2 water moccasins
  3 orc warriors
  A sky beast (D:8)
  2 black bears
  An ice beast (D:4)
  2 ogres
  7 centaurs
  A phantom (D:5)
  6 kobold brigands
  9 bullfrogs
  2 gnoll sergeants
  A scorpion (D:4)
  A wight (D:9)
  11 howler monkeys
  4 jellies
  12 orc priests
  Crazy Yiuf (D:2)
  A gnoll bouda (D:8)
  2 hounds
  Jessica (D:2)
  Ijyb (D:5)
  3 iguanas
  2 sleepcaps
  9 orc wizards
  11 gnolls
  7 adders
  A shadow imp (D:8)
  A ribbon worm (D:4)
  2 dart slugs
  49 orcs
  6 ball pythons
  6 endoplasms
  3 giant cockroaches
  3 goblins
  4 hobgoblins
  16 kobolds
  7 quokkas
  7 bats
  A frilled lizard (D:1)
  3 rats
260 creatures vanquished.

Vanquished Creatures (collateral kills)
  2 two-headed ogres
  A yak (D:10)
  3 wights (D:9)
  An orc priest (D:8)
  An orc wizard (D:10)
  3 gnolls
  3 orcs
14 creatures vanquished.

Vanquished Creatures (others)
  5 dancing weapons
5 creatures vanquished.

Grand Total: 279 creatures vanquished

Notes
Turn   | Place    | Note
-------+----------+-------------------------------------------
     0 | D:1      | Turgor the Spriggan Enchanter began the quest for the Orb.
     0 | D:1      | Reached XP level 1. HP: 9/9 MP: 5/5
   224 | D:1      | Reached XP level 2. HP: 13/13 MP: 6/6
   315 | D:1      | Learned a level 2 spell: Ensorcelled Hibernation
   430 | D:1      | Reached skill level 5 in Stealth
   684 | D:2      | Identified a scroll of acquirement
   684 | D:2      | Acquired the +2 robe of the Circus Animal {rC+ Int+3}
   862 | D:2      | Noticed Jessica
   881 | D:2      | Killed Jessica
   882 | D:2      | Reached XP level 3. HP: 7/16 MP: 8/8
  1140 | D:2      | Noticed Sigmund
  1288 | D:2      | Found a runed translucent door.
  1289 | D:2      | Noticed Crazy Yiuf
  1781 | D:3      | Reached XP level 4. HP: 21/21 MP: 6/9
  1785 | D:3      | Learned a level 3 spell: Confusing Touch
  2208 | D:4      | Found a radiant altar of Vehumet.
  2293 | D:4      | Reached XP level 5. HP: 24/24 MP: 4/10
  2435 | D:4      | Reached skill level 5 in Hexes
  2467 | D:4      | Reached XP level 6. HP: 28/28 MP: 4/11
  2489 | D:4      | Identified the ring of Otron {rC- rCorr Dex+5}
  2557 | D:4      | Noticed an ice beast
  2687 | D:4      | Killed an ice beast
  2699 | D:3      | Learned a level 3 spell: Tukima's Dance
  2995 | D:4      | Found a snail-covered altar of Cheibriados.
  3080 | D:4      | Reached skill level 5 in Short Blades
  3199 | D:4      | Found a hide-covered altar of Uskayaw.
  3594 | D:5      | Entered Level 5 of the Dungeon
  3645 | D:5      | Got Vonobrash's Treatise on Scree and Beckoning
  3659 | D:5      | Learned a level 3 spell: Passwall
  3793 | D:5      | Noticed Eustachio
  3800 | D:5      | Killed Eustachio
  3801 | D:5      | Reached XP level 7. HP: 32/32 MP: 12/12
  3851 | D:5      | Noticed Ijyb
  3858 | D:5      | Killed Ijyb
  4455 | D:2      | Killed Sigmund
  4456 | D:2      | Reached XP level 8. HP: 36/36 MP: 4/13
  4517 | D:2      | Killed Crazy Yiuf
  4756 | D:6      | Found a hazy altar of Hepliaklqana.
  4758 | D:6      | Upgraded the game from 0.32-a0-131-g9dbbe29261 to
                  | 0.32-a0-391-gce5c0aab1b
  5108 | D:6      | Noticed a two-headed ogre
  5134 | D:6      | Killed a two-headed ogre
  5135 | D:6      | Reached skill level 10 in Stealth
  5189 | D:6      | Found a broken altar of Ashenzari.
  5252 | D:6      | Reached skill level 3 in Dodging
  5296 | D:6      | Reached XP level 9. HP: 33/39 MP: 9/14
  5432 | D:6      | Reached skill level 10 in Short Blades
  5432 | D:6      | Reached skill level 4 in Dodging
  5465 | D:6      | Reached skill level 5 in Dodging
  5516 | D:6      | Found Gizemes's Weapon Emporium.
  5577 | D:6      | Found a staircase to the Ecumenical Temple.
  5588 | Temple   | Entered the Ecumenical Temple
  5604 | Temple   | Became a worshipper of Sif Muna the Loreminder
  5791 | D:7      | Reached skill level 1 in Earth Magic
  5939 | D:7      | Found a stormy altar of Qazlal.
  5944 | D:7      | Reached skill level 6 in Dodging
  6610 | D:7      | Found Hueraw's Magic Scroll Shoppe.
  6613 | D:7      | Bought a scroll of silence for 114 gold pieces
  6613 | D:7      | Bought a scroll of enchant armour for 90 gold pieces
  6613 | D:7      | Bought a scroll of identify for 24 gold pieces
  6614 | D:7      | Bought a scroll of identify for 24 gold pieces
  6614 | D:7      | Bought a scroll of identify for 24 gold pieces
  6614 | D:7      | Bought a scroll of identify for 24 gold pieces
  6924 | D:8      | Reached skill level 7 in Dodging
  7210 | D:8      | Reached * piety under Sif Muna
  7502 | D:8      | Found a bloodstained altar of Trog.
  7746 | D:8      | Found an ancient bone altar of Kikubaaqudgha.
  7755 | D:8      | Found a burning altar of Makhleb.
  7835 | D:8      | Found an iron altar of Okawaru.
  7924 | D:9      | Noticed a two-headed ogre
  7929 | D:9      | Killed a two-headed ogre
  7930 | D:9      | Reached skill level 8 in Dodging
  7930 | D:9      | Reached skill level 1 in Invocations
  7930 | D:9      | Reached XP level 10. HP: 44/44 MP: 16/18
  7935 | D:9      | Found a glowing silver altar of Zin.
  8057 | D:9      | Noticed an elephant
  8072 | D:9      | Killed an elephant
  8073 | D:9      | Reached skill level 5 in Spellcasting
  8504 | D:9      | Reached ** piety under Sif Muna
  8517 | D:9      | Noticed Joseph
  8533 | D:9      | Killed Joseph
  8751 | D:8      | Reached skill level 9 in Dodging
  9063 | D:9      | Found a staircase to the Lair.
  9063 | D:9      | Noticed an elephant
  9070 | D:9      | Killed an elephant
  9071 | D:9      | Reached skill level 5 in Earth Magic
  9438 | D:9      | Found an ornate altar of the Wu Jian Council.
  9458 | D:9      | Found an opulent altar of Gozag.
  9475 | D:10     | Entered Level 10 of the Dungeon
  9521 | D:9      | Learned a level 5 spell: Borgnjor's Vile Clutch
  9636 | D:10     | Noticed a two-headed ogre
  9850 | D:9      | Reached skill level 1 in Necromancy
  9854 | D:9      | Learned a level 3 spell: Dazzling Flash
  9876 | D:10     | Reached skill level 10 in Dodging
 10063 | D:10     | Noticed a gargoyle
 10069 | D:10     | Killed a gargoyle
 10070 | D:10     | Reached XP level 11. HP: 33/47 MP: 17/21
 10389 | D:10     | Found a blossoming altar of Fedhas.
 10395 | D:10     | Noticed a two-headed ogre
 10546 | D:10     | Killed a two-headed ogre
 10668 | D:10     | Reached *** piety under Sif Muna
 11126 | D:10     | Reached skill level 11 in Dodging
 11213 | D:11     | Reached skill level 1 in Conjurations
 12091 | D:11     | Learned a level 3 spell: Inner Flame
 12122 | D:12     | Noticed a two-headed ogre
 12134 | D:12     | Noticed a boulder beetle
 12142 | D:12     | Found an iron altar of Okawaru.
 12145 | D:12     | Killed a two-headed ogre
 12171 | D:12     | Killed a boulder beetle
 12344 | D:12     | Noticed a boulder beetle
 12352 | D:12     | Killed a boulder beetle
 12353 | D:12     | Reached skill level 5 in Necromancy
 12353 | D:12     | Reached skill level 5 in Invocations
 12378 | D:12     | Identified the staff "Tesoweydo" {rPois rF+ Fire}
 12434 | D:12     | Reached XP level 12. HP: 51/51 MP: 19/22
 12709 | D:12     | Reached **** piety under Sif Muna
 12752 | D:12     | Found a staircase to the Orcish Mines.
 13400 | Lair:1   | Entered Level 1 of the Lair of Beasts
 13482 | Lair:1   | HP: 2/51 [torpor snail (49)]
 13482 | Lair:1   | Slain by a dream sheep

Illustrated notes

Levels and vault maps discovered:
D:1:      roderic_dead_forest, layout_basic, minmay_close_crescents
D:2:      layout_basic, uniq_jessica, uniq_crazy_yiuf_cottage, uniq_sigmund
D:3:      layout_loops_ring
D:4:      layout_basic, mainiacjoe_overflow_tiny_flanked,
          mainiacjoe_overflow_catwalk, vehumet_altar_wand_db,
          kennysheep_small_spiral
D:5:      layout_loops_corners, uniq_eustachio, uniq_ijyb
D:6:      layout_basic, mainiacjoe_overflow_alcove_2,
          mainiacjoe_overflow_small_starburst, lemuel_temple_firewalk_b,
          serial_shops, shop
D:7:      layout_rooms, mainiacjoe_overflow_surrounded_room, serial_shops,
          nicolae_shop_rolled_up, kb_lookout_dungeons_type
D:8:      layout_basic, overflow_temple_1_default, mainiacjoe_overflow_swirl,
          marbit_many_paths, kennysheep_pointless_box
D:9:      layout_grid_maze, zin_academy, mainiacjoe_overflow_two_lobes,
          grunt_lair_entry_orc_guard_hut, uniq_joseph
D:10:     layout_roguey, mainiacjoe_overflow_cross_hatched,
          minmay_alternating_orb
D:11:     layout_rooms
D:12:     layout_cave_pools, erik_orc_3, okawaru_gym_becter
Temple:   hellmonk_temple_of_storms
Lair:1:   layout_layer_cave, basic_altar

Skill      XL: |  1  2  3  4  5  6  7  8  9 10 11 |
---------------+----------------------------------+-----
Short Blades   | 2 3 4 6 7 9 10 | 10.0
Stealth        | 5 6 7 8 10 | 10.0
Spellcasting   | 3 4 6 |  6.0
Hexes          | 4 5 6 7 8 9 |  9.0
Dodging        | 3 8 10 11 | 11.8
Earth Magic    | 3 5 6 |  6.9
Invocations    | 1 3 5 |  5.0
Necromancy     | 1 5 |  5.6
Conjurations   | 3 |  3.4

Action                     |  1- 3 |  4- 6 |  7- 9 | 10-12 || total
---------------------------+-------+-------+-------+-------++-------
  Melee: Dagger            |    92 |    83 |   181 |   344 ||   700
         Punch             |     4 |     5 |     1 |       ||    10
   Fire: Sling             |       |       |       |     1 ||     1
  Throw: Dart              |       |       |     2 |     8 ||    10
   Cast: Ensorcelled Hiber |    13 |    37 |    51 |    98 ||   199
         Confusing Touch   |       |     1 |     8 |    27 ||    36
         Tukima's Dance    |       |       |     4 |    35 ||    39
         Passwall          |       |       |     1 |       ||     1
         Dazzling Flash    |       |       |       |     4 ||     4
  Evoke: Wand              |       |     4 |       |    12 ||    16
    Use: Scroll            |     6 |     7 |     6 |     8 ||    27
         Potion            |     1 |     1 |     2 |     2 ||     6
   Stab: Sleeping          |    18 |    31 |    46 |    65 ||   160
         Invisible         |     1 |       |       |     7 ||     8
         Distracted        |     1 |       |     1 |     3 ||     5
         Confused          |       |     1 |     7 |    33 ||    41
 Armour: Robe              |    16 |    23 |    33 |    56 ||   128
  Dodge: Dodged            |    76 |    44 |    70 |   168 ||   358

Table legend: (Time is in decaauts)
 A = Elapsed time spent in this place.
 B = Non-inter-level travel time spent in this place.
 C = Inter-level travel time spent in this place.
 D = Time resting spent in this place.
 E = Time spent auto-exploring this place.
 F = Levels seen in this place.
 G = Mean time per level.
                   A        B        C        D        E       F      G
               +--------+--------+--------+--------+--------+-----+--------+
         Total |   9833 |   9301 |    532 |   1440 |   5238 |  14 |  702.4 |
       Dungeon |   9801 |   9278 |    523 |   1440 |   5238 |  12 |  816.8 |
        Temple |     20 |     12 |      8 |      0 |      0 |   1 |   20.0 |
          Lair |     11 |     11 |      0 |      0 |      0 |   1 |   11.0 |
               +--------+--------+--------+--------+--------+-----+--------+

Top non-repeatable levels by time:
     D:9: 1304 daAuts
    D:10: 1152 daAuts
     D:8: 1135 daAuts
     D:4: 1036 daAuts
    D:12: 950 daAuts
     D:6: 814 daAuts
     D:2: 665 daAuts
     D:7: 648 daAuts
     D:3: 565 daAuts
    D:11: 560 daAuts
     D:5: 493 daAuts
     D:1: 474 daAuts
  Temple: 20 daAuts
  Lair:1: 11 daAuts
